 Dungeon Crawl Stone Soup version 0.17-a0-1767-gccbed74 (webtiles) character file.

2905 4thArraOfDagon the Grappler (level 9, -9/80 HPs)
             Began as a Troll Chaos Knight on Sept 6, 2015.
             Mangled by a larval batshock beast (17 damage)
             ... summoned by the player character
             ... on level 11 of the Dungeon.
             The game lasted 00:12:38 (2518 turns).

4thArraOfDagon the Grappler (Troll Chaos Knight)    Turns: 2518, Time: 00:12:38

Health: -9/80      AC:  7    Str: 22    XL:     9   Next: 49%
Magic:  8/8        EV: 11    Int: 14    God:    Xom [....*.]
Gold:   168        SH:  0    Dex:  7    Spells: 0 memorised, 8 levels left

rFire  . . .     SeeInvis .       - Unarmed
rCold  . . .     Clarity  .     a - +2 robe
rNeg   . . .     SustAt   .     (no shield)
rPois  .         Gourm    +     (helmet restricted)
rElec  .         Spirit   .     (no cloak)
rCorr  .         Warding  .     (gloves unavailable)
rMut   +         Stasis   .     (boots unavailable)
MR     +....                    t - amulet of resist mutation
Stlth  +.........               r - +5 ring of intelligence
                                d - ring of invisibility

@: somewhat resistant to hostile enchantments, very unstealthy
A: unfitting armour, claws 3, blink 1, clumsy 1, dopey 1, fast metabolism 3,
frail 1, gourmand, magic resistance 1, regeneration 2, shaggy fur 1, tough skin
2
a: Blink, Renounce Religion, Evoke Invisibility


You were on level 11 of the Dungeon.
You worshipped Xom.
You were a beloved toy of Xom.
You were very full.

You visited 1 branch of the dungeon, and saw 11 of its levels.

You collected 267 gold pieces.
You spent 99 gold pieces at shops.

Inventory:

Hand weapons
 k - a +0 giant spiked club
 p - a +0 blowgun
Missiles
 l - 2 throwing nets (quivered)
 m - 3 javelins
 n - a large rock
Armour
 a - a +2 robe (worn)
Jewellery
 d - a ring of invisibility (left claw)
 r - a +5 ring of intelligence (right claw)
 t - an amulet of resist mutation (around neck)
Magical devices
 f - a wand of fire (1)
 u - a wand of flame (38)
Scrolls
 c - 3 scrolls of identify
 v - a scroll of remove curse
Potions
 g - a potion of magic
 i - a potion of resistance
 j - a potion of curing
 s - a potion of haste
 x - 2 potions of beneficial mutation {unknown}
Books
 e - a book of Dreams

   Spells                             Type                      Level
   a - Ensorcelled Hibernation        Hexes/Ice                    2
   b - Phase Shift                    Translocation                5
   c - Shadow Creatures               Summoning                    5
   d - Silence                        Hexes/Air                    5
   e - Darkness                       Hexes                        6
   f - Mass Confusion                 Hexes                        6
Miscellaneous
 o - a box of beasts {used: 3}
Comestibles
 b - 6 bread rations
 h - 7 beef jerkies
 q - 2 meat rations


   Skills:
 + Level 6.1 Fighting
 + Level 5.6 Dodging
 * Level 9.9 Unarmed Combat


You had 8 spell levels left.
You didn't know any spells.

Dungeon Overview and Level Annotations

Branches:
Dungeon (11/15)              Lair (0/8) D:10
 Temple: D:4-7          Orc: D:9-12

Altars:
Ashenzari
Nemelex Xobeh
Qazlal
Ru
Xom

Shops:
D:9 }   D:10 ?*


Innate Abilities, Weirdness & Mutations

You are too large for most types of armour.
You have claws for hands.
Your metabolism is lightning-fast.
You like to eat raw meat.
You heal very quickly.
You are covered in fur (AC +1).
You have very tough skin (AC +2).
You can translocate small distances at will.
You are clumsy. (Dex -2)
You are dopey. (Int -2)
You are frail (-10% HP).
You are resistant to hostile enchantments.


Message History

4thArraOfDagon's ghost screams in joy, "As in life, so in death: Kill!
Kill!!
Kill!!!"
The larval batshock beast barely misses 4thArraOfDagon's ghost. x2
The larval batshock beast hits 4thArraOfDagon's ghost! 4thArraOfDagon's ghost barely misses the larval batshock beast.
Unknown command.
You barely miss 4thArraOfDagon's ghost. 4thArraOfDagon's ghost is almost destroyed.
The larval batshock beast closely misses 4thArraOfDagon's ghost.
The larval batshock beast hits 4thArraOfDagon's ghost! 4thArraOfDagon's ghost is destroyed!
Your Fighting skill increases to level 6!
Unknown command.
The larval batshock beast hits you!
* * * LOW HITPOINT WARNING * * *
The larval batshock beast misses you.
The larval batshock beast barks!
The larval batshock beast barely misses you.
Unknown command.
The larval batshock beast hits you!
You die...

#.#.########.#
#.#..........#
#.#.########.#
#.#.# #.# #.#.# #.#
#.#.# #.#
#.#.########.#
#.####............#
#...@H...##########
######.#.#######
#..........
###.####### #.# #..
##.# .# .#


You could see a neutral larval batshock beast (insane).

Vanquished Creatures
  A cyclops (D:11)
  Joseph (D:8)
  A hungry ghost (D:9)
  A shadow (D:11)
  A yak (D:9)
  An ice beast (D:11)
  3 ogres
  A big kobold (D:10)
  A centaur (D:9)
  2 giant frogs (D:6)
  A water moccasin zombie (D:9)
  2 scorpions
  A giant frog zombie (D:5)
  3 crimson imps
  2 orc wizards
  A centaur zombie (D:5)
  3 worker ants
  A sheep (shapeshifter) (D:9)
  4 gnolls (D:7)
  A worker ant zombie (D:6)
  4 adders
  A shadow imp (D:7)
  An adder zombie (D:9)
  An adder skeleton (D:6)
  2 giant geckos
  7 orcs
  5 bats
  A giant cockroach (D:5)
  4 jackals (D:5)
  12 kobolds
  A quokka (D:6)
  A ball python (D:4)
  A giant newt (D:3)
  3 goblins
  A jackal zombie (D:5)
  A rat (D:3)
78 creatures vanquished.

Vanquished Creatures (collateral kills)
  The ghost of 4thArraOfDagon the Cleaver, an experienced DDBe of Trog (D:11)
  A two-headed ogre (D:7)
  A big kobold (D:8)
  A scorpion (D:8)
  An orc wizard (D:8)
  A shadow imp (D:7)
  An orc (D:8)
  2 kobolds (D:8)
9 creatures vanquished.

Grand Total: 87 creatures vanquished

Notes
Turn   | Place    | Note
--------------------------------------------------------------
     0 | D:1      | 4thArraOfDagon the Troll Chaos Knight began the quest for the Orb.
     0 | D:1      | Reached XP level 1. HP: 22/22 MP: 0/0
   101 | D:3      | XOM: harmless Tloc miscast
   107 | D:3      | Reached XP level 2. HP: 27/29 MP: 1/1
   196 | D:4      | Reached XP level 3. HP: 36/36 MP: 2/2
   234 | D:3      | Found a sparkling altar of Nemelex Xobeh.
   285 | D:4      | Noticed a scorpion
   291 | D:4      | Killed a scorpion
   291 | D:4      | Reached skill level 4 in Unarmed Combat
   291 | D:4      | Reached XP level 4. HP: 34/45 MP: 3/3
   301 | D:4      | Found a shattered altar of Ashenzari.
   397 | D:5      | Entered Level 5 of the Dungeon
   525 | D:5      | Reached XP level 5. HP: 45/53 MP: 4/4
   721 | D:6      | XOM: potion effect (brilliance)
   722 | D:6      | Reached skill level 5 in Unarmed Combat
   726 | D:6      | Reached XP level 6. HP: 47/61 MP: 5/5
   832 | D:7      | Found a shimmering altar of Xom.
   834 | D:7      | Found a shimmering altar of Xom.
   835 | D:7      | Found a shimmering altar of Xom.
   836 | D:7      | Found a shimmering altar of Xom.
   836 | D:7      | Found a shimmering altar of Xom.
   836 | D:7      | Found a shimmering altar of Xom.
   843 | D:7      | Found a shimmering altar of Xom.
   843 | D:7      | Found a shimmering altar of Xom.
   844 | D:7      | Found a shimmering altar of Xom.
   847 | D:7      | You fall through a shaft!
   847 | D:10     | Entered Level 10 of the Dungeon
   847 | D:10     | Found a staircase to the Lair.
   847 | D:10     | Noticed a wolf
   847 | D:10     | Noticed a wolf
   847 | D:10     | Noticed a troll
   848 | D:10     | XOM: potion effect (invisibility)
   872 | D:10     | Noticed a yak
   873 | D:10     | XOM: harmless Divn miscast
   875 | D:10     | Noticed a yak
   877 | D:10     | Noticed a yak
   881 | D:9      | XOM: potion effect (haste)
   909 | D:9      | Found Rotibo Hoile's Gadget Shop.
   912 | D:9      | XOM: harmless Trmt miscast
   987 | D:10     | Found Jucsop's Magic Scroll Emporium.
   992 | D:10     | Bought 2 scrolls of identify for 44 gold pieces
   992 | D:10     | Bought a scroll of teleportation for 33 gold pieces
   992 | D:10     | Bought a scroll of identify for 22 gold pieces
   996 | D:10     | XOM: mild Conj miscast
  1004 | D:10     | XOM: potion effect (haste)
  1011 | D:10     | Reached skill level 6 in Unarmed Combat
  1095 | D:9      | Noticed a yak
  1096 | D:9      | Noticed a yak
  1108 | D:9      | XOM: harmless Divn miscast
  1122 | D:9      | XOM: smoke on damage
  1131 | D:9      | Killed a yak
  1131 | D:9      | Reached XP level 7. HP: 31/70 MP: 6/6
  1153 | D:9      | XOM: polymorph orc warrior -> sheep
  1167 | D:9      | Gained mutation: You are clumsy. (Dex -2) [mutagenic meat]
  1168 | D:9      | Gained mutation: You are frail (-10% HP). [mutagenic meat]
  1169 | D:9      | Gained mutation: You are dopey. (Int -2) [mutagenic meat]
  1208 | D:8      | XOM: confusion (+ monsters)
  1217 | D:8      | XOM: medium Summ miscast
  1220 | D:8      | XOM: smoke on damage
  1220 | D:8      | XOM: butterfly on damage
  1222 | D:8      | HP: 2/63 [spatial vortex[the capriciousness of Xom] (26)]
  1315 | D:7      | Found a sacrificial altar of Ru.
  1361 | D:7      | Noticed a two-headed ogre
  1363 | D:7      | Killed a two-headed ogre
  1363 | D:7      | Reached skill level 7 in Unarmed Combat
  1653 | D:5      | XOM: enchant monster (bad)
  1744 | D:7      | XOM: smoke on damage
  1785 | D:8      | Found a stormy altar of Qazlal.
  1796 | D:8      | Reached XP level 8. HP: 49/71 MP: 7/7
  1811 | D:8      | Noticed Joseph
  1837 | D:8      | Killed Joseph
  1837 | D:8      | Reached skill level 5 in Fighting
  1837 | D:8      | Reached skill level 8 in Unarmed Combat
  1907 | D:10     | XOM: divination: detect items
  1908 | D:10     | XOM: summons friendly shadow imp
  1909 | D:9      | XOM: 2-stop teleportation journey
  2041 | D:9      | XOM: 2-stop teleportation journey
  2083 | D:9      | Noticed a hungry ghost
  2101 | D:9      | Killed a hungry ghost
  2134 | D:9      | XOM: confusion (+ monsters)
  2154 | D:10     | Found Potut's General Store.
  2168 | D:10     | XOM: enchant monster (bad)
  2235 | D:11     | XOM: god gift: 22 gold pieces
  2338 | D:11     | XOM: noise
  2339 | D:11     | Reached skill level 5 in Dodging
  2339 | D:11     | Reached skill level 9 in Unarmed Combat
  2339 | D:11     | Reached XP level 9. HP: 36/79 MP: 8/8
  2391 | D:11     | Noticed a cyclops
  2395 | D:11     | XOM: mild Ice miscast
  2410 | D:11     | Killed a cyclops
  2464 | D:10     | Noticed a yak
  2465 | D:10     | Noticed a yak
  2466 | D:10     | XOM: give mutations
  2466 | D:10     | Gained mutation: You can translocate small distances at will. [Xom's mischief]
  2466 | D:10     | Gained mutation: You are resistant to hostile enchantments. [Xom's mischief]
  2466 | D:10     | Gained mutation: Your magical capacity is low (-10% MP). [Xom's mischief]
  2466 | D:10     | Lost mutation: Your magical capacity is low (-10% MP). [Xom's mischief]
  2495 | D:11     | Noticed 4thArraOfDagon's ghost (experienced DDBe)
  2512 | D:11     | XOM: cast spell 'Discord'
  2514 | D:11     | Killed 4thArraOfDagon's ghost
  2518 | D:11     | Mangled by a larval batshock beast

Vault maps used:
D:1:      noname_arrival_rooms_in_the_neighbourhood
D:2:      old_standard_altar, first_bread
D:3:      nemelex_diamond_rough_becter
D:4:      tgw_trog, ashenzari_altar_1, st_stairs_3, uniq_edmund
D:6:      temple_green
D:7:      nicolae_ru_great_annihilating_truth, xom_redecorated
D:8:      nicolae_overflow_crystal_walls, gammafunk_temple_overflow_wave,
          minmay_misc_feat_hallway, grunt_decor_one_mirror,
          nicolae_gozag_zags_fifth_avenue, uniq_joseph
D:9:      serial_shops, nicolae_shop_trees, roderic_lattice_a,
          nicolae_underground_beach
D:10:     erik_lair_island, serial_shops, shop_fountains, shop, shop_fountains,
          kennysheep_mini, grunt_ogre_cave, uniq_harold

Action                   |  1- 3 |  4- 6 |  7- 9 || total
-------------------------+-------+-------+-------++-------
Melee: Unarmed           |    40 |    77 |   202 ||   319
Throw: Throwing net      |       |     1 |     3 ||     4
Evoke: Box of beasts     |       |       |     3 ||     3
       Wand              |       |       |     2 ||     2
  Use: Potion            |     3 |     4 |       ||     7
       Scroll            |       |     6 |     3 ||     9
 Stab: Invisible         |       |     2 |     1 ||     3
       Held in net/web   |       |       |     1 ||     1
  Eat: Chunk             |     4 |    11 |    21 ||    36
       Meat ration       |       |       |     1 ||     1
       Fruit             |       |       |     1 ||     1
